 Dungeon Crawl Stone Soup version 0.31-a0-848-gaac375c287 (webtiles) character file.

Game seed: 14231297851183089271

28 Kurtz the Sneak (level 2, 14/14 HPs)
             Began as a Felid Delver on Oct 4, 2023.
             Quit the game on level 2 of the Dungeon.
             The game lasted 00:00:52 (253 turns).

Kurtz the Sneak (Felid Delver)                       Turns: 253, Time: 00:00:53

Health: 14/14      AC:  1    Str:  8    XL:     2   Next: 96%
Magic:  3/3        EV: 18    Int: 11    God:
Gold:   31         SH:  0    Dex: 17    Spells: 1/1 levels left
                                        Lives:  0   Deaths: 1

rFire   . .          .
                       - Unarmed
rCold   . . .        (shield unavailable)
rNeg    . . .        (body armour unavailable)
rPois   .            (helmet unavailable)
rElec   .            (cloak unavailable)
rCorr   .            (gloves unavailable)
SInv    +            (boots unavailable)
Will    .....        (no amulet)
Stlth   +++          k - ring of wizardry
HPRegen 0.22/turn    (no ring)
MPRegen 0.08/turn

%: wizardry (x1)
@: quick
A: very small, claws 1, fangs 3, see invisible, speed 1, shaggy fur 1, stealthy
paws, no weapons or thrown items, no armour, multi-lived
a: no special abilities


You were on level 2 of the Dungeon.
You visited 1 branch of the dungeon, and saw 5 of its levels.

You collected 31 gold pieces.

Inventory:

Jewellery
 k - a ring of wizardry (left paw)
Wands
 e - a wand of digging (3)
 i - a wand of iceblast (12)
Scrolls
 a - a scroll of fog
 b - a scroll of revelation
 c - a scroll of fear
 f - a scroll of noise {unknown}
 g - a scroll of acquirement {unknown}
 h - a scroll of teleportation {unknown}
Potions
 d - a potion of haste
 j - a potion of berserk rage {unknown}


   Skills:
 * Level 3.4 Fighting
 * Level 3.3 Dodging
 - Level 6.6 Stealth
 * Level 2.5 Unarmed Combat


You had one spell level left.
You didn't know any spells.
Your spell library contained the following spells:

 Spells                   Type           Power      Damage    Failure   Level
 Ensorcelled Hibernation  Hex/Ice        0%         N/A       21%         2
 Jinxbite                 Hex            0%         N/A       21%         2
 Anguish                  Hex/Necr       0%         N/A       77%         4


Dungeon Overview and Level Annotations

Branches:
Dungeon (5/15)
 Temple: D:4-7

Altars:
Hepliaklqana


Innate Abilities, Weirdness & Mutations

You have sharp claws.
You have razor-sharp teeth.
You have supernaturally acute eyesight. (SInv)
You cover ground quickly. (Speed+)
You are covered in fur. (AC +1)
Your paws help you pounce on unaware monsters.
You are incapable of wielding weapons or throwing items.
You cannot wear armour.
You gain extra lives every three experience levels.


Message History

The jackal misses you. The jackal bites you.
You climb downwards.
There is a stone staircase leading up here.
The jackal attacks as it pursues you! The jackal closely misses you.
The jackal bites you. The jackal barely misses you.
You see here a +0 dagger.
The jackal attacks as it pursues you! The jackal misses you. x2
The jackal attacks as it pursues you! The jackal misses you.
The jackal bites you.
There is a fountain of clear blue water here.
The jackal attacks as it pursues you! The jackal bites you.
* * * LOW HITPOINT WARNING * * *
The jackal attacks as it pursues you! The jackal misses you.
You scratch the jackal but do no damage.
You bite the jackal.
The jackal is lightly wounded.
The jackal bites you.
* * * LOW HITPOINT WARNING * * *
You closely miss the jackal.
The jackal is lightly wounded.
The jackal barely misses you. The jackal bites you.
You die...
You rejoin the land of the living...
Found 6 gold pieces.
Unknown command.
Unknown command.
A ball python comes into view.
The ball python hisses angrily.
An endoplasm comes into view.
You scratch the ball python.
You kill the ball python!
An endoplasm is nearby!
An endoplasm is nearby!
You pounce on the unaware helpless endoplasm!
You mangle the endoplasm!!
You kill the endoplasm!
No target in view!
No target in view!
No target in view!
Are you sure you want to abandon this character and quit the game? (Confirm with "yes".)

...##.##.##.†hh
......†..##.### #
...##.##.##.# #
#.########.#.....#
.
#............#####
. #..........### .
#.###......#
#.###.####.#
#..@.$†.##.#
#####.#..#.####..#
#.#..#>......#
#.#....#####..
#.#..#.# #........
#### #.## #.# ...


There were no monsters in sight!

Vanquished Creatures
  An adder (D:3)
  An endoplasm (D:2)
  A giant cockroach (D:3)
  2 goblins
  A hobgoblin (D:3)
  A kobold (D:2)
  3 quokkas
  3 ball pythons
  2 bats (D:3)
  2 frilled lizards
17 creatures vanquished.

Notes
Turn   | Place    | Note
-------+----------+-------------------------------------------
     0 | D:5      | Kurtz the Felid Delver began the quest for the Orb.
     0 | D:5      | Reached XP level 1. HP: 10/10 MP: 2/2
    42 | D:3      | Found a hazy altar of Hepliaklqana.
    78 | D:3      | Reached XP level 2. HP: 6/14 MP: 3/3
   246 | D:2      | Slain by a jackal
   253 | D:2      | Quit the game

Illustrated notes

Levels and vault maps discovered:
D:1:      evilmike_arrival_crescent, layout_basic, dk_noncrumbling_4,
          minmay_tall_x
D:2:      minmay_razor_zed, layout_basic, grunt_ministairs_9
D:3:      layout_basic, general_overflow_altar, uniq_robin
D:4:      layout_loops_ring, amcnicky_altar_gilded, serial_glass,
          glass_columns_b, glass_columns_c, glass_columns_a, glass_columns_a,
          glass_columns_a, glass_columns_c, columned_hall_lemuel,
          corner_web_ring, skrybe_limestone_x
D:5:      layout_loops_ring, mainiacjoe_overflow_six_doors_small

Skill      XL: |  1 |
---------------+----+-----
Dodging        | 3 |  3.3
Fighting       | |  3.4
Stealth        | |  6.6
Unarmed Combat | |  2.5

Action                     || total
---------------------------++-------
  Melee: Unarmed           ||    39
         Bite              ||     2
   Stab: Sleeping          ||     8
 Armour: Skin              ||    13
  Dodge: Dodged            ||    29

Table legend: (Time is in decaauts)
 A = Elapsed time spent in this place.
 B = Non-inter-level travel time spent in this place.
 C = Inter-level travel time spent in this place.
 D = Time resting spent in this place.
 E = Time spent auto-exploring this place.
 F = Levels seen in this place.
 G = Mean time per level.
                   A        B        C        D        E       F      G
               +--------+--------+--------+--------+--------+-----+--------+
         Total |    220 |    203 |     17 |     42 |     50 |   5 |   44.0 |
       Dungeon |    220 |    203 |     17 |     42 |     50 |   5 |   44.0 |
               +--------+--------+--------+--------+--------+-----+--------+

Top non-repeatable levels by time:
     D:3: 109 daAuts
     D:2: 74 daAuts
     D:5: 23 daAuts
     D:4: 8 daAuts
     D:1: 4 daAuts
